3A
KENNESAW JETS @ IDAHO FALLS CHUKARS
06/09/2024
 
TOP OF THE 1ST
Kennesaw Jets batting - Pitching for Idaho Falls Chukars : RHP Hartmann Riedman
Pitching: RHP Hartmann Riedman
Batting: RHB Marc Beck 0-0: Ball
1-0: Fly out, F3 (Popup, 34)
Batting: RHB Chase Mooney 0-0: Swinging Strike
0-1: Fly out, F9 (Flyball, 9LM)
Batting: LHB Ignacio Martínez 0-0: Ball
1-0: Ground out 6-3 (Groundball, 6M)
Top of the 1st over - 0 run(s), 0 hit(s), 0 error(s), 0 left on base; Kennesaw 0 - Idaho Falls 0
BOTTOM OF THE 1ST
Idaho Falls Chukars batting - Pitching for Kennesaw Jets : RHP Pedro Aguilar
Pitching: RHP Pedro Aguilar
Batting: LHB Roberto Soto 0-0: Called Strike
0-1: Ball
1-1: Bunted foul
1-2: Strikes out looking
Batting: RHB Fernando Granados 0-0: Ground out 5-3 (Groundball, 56S)
Batting: SHB Pablo Coloa 0-0: Ball
1-0: Swinging Strike
1-1: Ball
2-1: Ball
3-1: Ground out 4-3 (Groundball, 4M)
Bottom of the 1st over - 0 run(s), 0 hit(s), 0 error(s), 0 left on base; Kennesaw 0 - Idaho Falls 0
TOP OF THE 2ND
Kennesaw Jets batting - Pitching for Idaho Falls Chukars : RHP Hartmann Riedman
Batting: RHB Beau Murphy 0-0: Ball
1-0: Ball
2-0: Foul Ball, location: 2F
2-1: Swinging Strike
2-2: Ball
3-2: SINGLE (Line Drive, 7LS)
Batting: RHB Carlos León 0-0: Ball
1-0: Called Strike
1-1: Ball
2-1: Foul Ball, location: 2F
2-2: Fielders Choice at 2nd, 1-6 (Groundball, 25)
Batting: RHB Alfredo Ayala 0-0: Foul Ball, location: 2F
0-1: Fly out, F9 (Line Drive, 89S)
Batting: RHB Shannon Corzo 0-0: Called Strike
0-1: Called Strike
0-2: Ball
1-2: Strikes out swinging
Top of the 2nd over - 0 run(s), 1 hit(s), 0 error(s), 1 left on base; Kennesaw 0 - Idaho Falls 0
BOTTOM OF THE 2ND
Idaho Falls Chukars batting - Pitching for Kennesaw Jets : RHP Pedro Aguilar
Batting: RHB Adrian Rodgers 0-0: Called Strike
0-1: Foul Ball, location: 2F
0-2: Strikes out swinging
Batting: RHB Michael Bradshaw 0-0: Called Strike
0-1: Swinging Strike
0-2: Strikes out looking
Batting: RHB Scott Ramsey 0-0: Called Strike
0-1: Called Strike
0-2: Strikes out swinging
Bottom of the 2nd over - 0 run(s), 0 hit(s), 0 error(s), 0 left on base; Kennesaw 0 - Idaho Falls 0
TOP OF THE 3RD
Kennesaw Jets batting - Pitching for Idaho Falls Chukars : RHP Hartmann Riedman
Batting: LHB Daniel Faraday 0-0: Called Strike
0-1: Swinging Strike
0-2: Strikes out swinging
Batting: SHB Abraham Buscher 0-0: Ball
1-0: Ground out 6-3 (Groundball, 6MS)
Batting: RHB Marc Beck 0-0: Ball
1-0: Called Strike
1-1: Called Strike
1-2: Ball
2-2: Strikes out swinging
Top of the 3rd over - 0 run(s), 0 hit(s), 0 error(s), 0 left on base; Kennesaw 0 - Idaho Falls 0
BOTTOM OF THE 3RD
Idaho Falls Chukars batting - Pitching for Kennesaw Jets : RHP Pedro Aguilar
Batting: RHB Vicente Cruz 0-0: Foul Ball, location: 2F
0-1: Ball
1-1: Ball
2-1: Ball
3-1: Called Strike
3-2: Fly out, F4 (Popup, 34)
Batting: SHB Félix Medina 0-0: Swinging Strike
0-1: Fly out, F5 (Popup, 5SF)
Batting: RHB Christian Gentry 0-0: Ball
1-0: Foul Ball, location: 2F
1-1: Ground out 6-3 (Groundball, 6)
Bottom of the 3rd over - 0 run(s), 0 hit(s), 0 error(s), 0 left on base; Kennesaw 0 - Idaho Falls 0
TOP OF THE 4TH
Kennesaw Jets batting - Pitching for Idaho Falls Chukars : RHP Hartmann Riedman
Batting: RHB Chase Mooney 0-0: Foul Ball, location: 2F
0-1: Ball
1-1: Called Strike
1-2: Ball
2-2: SINGLE (Flyball, 8LM)
Batting: LHB Ignacio Martínez 0-0: Called Strike
0-1: Swinging Strike
0-2: Foul Ball, location: 2F
0-2: Ball
Wild Pitch!
Chase Mooney to second
1-2: Foul Ball, location: 2F
1-2: Strikes out swinging
Batting: RHB Beau Murphy 0-0: Called Strike
0-1: Ball
1-1: Swinging Strike
1-2: Strikes out looking
Batting: RHB Carlos León 0-0: Called Strike
0-1: Ground out 6-3 (Groundball, 6)
Top of the 4th over - 0 run(s), 1 hit(s), 0 error(s), 1 left on base; Kennesaw 0 - Idaho Falls 0
BOTTOM OF THE 4TH
Idaho Falls Chukars batting - Pitching for Kennesaw Jets : RHP Pedro Aguilar
Batting: LHB Roberto Soto 0-0: Called Strike
0-1: Ball
1-1: Ball
2-1: Called Strike
2-2: Strikes out swinging
Batting: RHB Fernando Granados 0-0: Called Strike
0-1: Foul Ball, location: 2F
0-2: Ball
1-2: Foul Ball, location: 2F
1-2: Foul Ball, location: 2F
1-2: Strikes out swinging
Batting: SHB Pablo Coloa 0-0: Ground out 1-3 (Groundball, 13)
Bottom of the 4th over - 0 run(s), 0 hit(s), 0 error(s), 0 left on base; Kennesaw 0 - Idaho Falls 0
TOP OF THE 5TH
Kennesaw Jets batting - Pitching for Idaho Falls Chukars : RHP Hartmann Riedman
Batting: RHB Alfredo Ayala 0-0: Ball
1-0: Ball
2-0: Called Strike
2-1: Foul Ball, location: 2F
2-2: Strikes out swinging
Batting: RHB Shannon Corzo 0-0: Foul Ball, location: 2F
0-1: Called Strike
0-2: Strikes out looking
Batting: LHB Daniel Faraday 0-0: Ball
1-0: Ground out 4-3 (Groundball, 4M)
Top of the 5th over - 0 run(s), 0 hit(s), 0 error(s), 0 left on base; Kennesaw 0 - Idaho Falls 0
BOTTOM OF THE 5TH
Idaho Falls Chukars batting - Pitching for Kennesaw Jets : RHP Pedro Aguilar
Batting: RHB Adrian Rodgers 0-0: Ball
1-0: Ball
2-0: Ball
3-0: Base on Balls
Batting: RHB Michael Bradshaw 0-0: Ball
1-0: Fly out, F7 (Flyball, 7M)
Batting: RHB Scott Ramsey 0-0: Ball
1-0: Fly out, F8 (Flyball, 8RXD)
Batting: RHB Vicente Cruz 0-0: Ball
1-0: Ball
2-0: Ball
3-0: Base on Balls
Adrian Rodgers to second
Batting: SHB Félix Medina 0-0: Foul Ball, location: 2F
0-1: Ball
1-1: SINGLE (Line Drive, 34)
Adrian Rodgers to third
Vicente Cruz to second
Batting: RHB Christian Gentry 0-0: Ball
1-0: Fly out, F9 (Flyball, 89M)
Bottom of the 5th over - 0 run(s), 1 hit(s), 0 error(s), 3 left on base; Kennesaw 0 - Idaho Falls 0
TOP OF THE 6TH
Kennesaw Jets batting - Pitching for Idaho Falls Chukars : RHP Hartmann Riedman
Batting: SHB Abraham Buscher 0-0: Swinging Strike
0-1: Fly out, F5 (Line Drive, 56S)
Batting: RHB Marc Beck 0-0: Called Strike
0-1: Ball
1-1: Ball
2-1: Ground out 4-3 (Groundball, 4M)
Batting: RHB Chase Mooney 0-0: Fly out, F8 (Flyball, 8LS)
Top of the 6th over - 0 run(s), 0 hit(s), 0 error(s), 0 left on base; Kennesaw 0 - Idaho Falls 0
BOTTOM OF THE 6TH
Idaho Falls Chukars batting - Pitching for Kennesaw Jets : RHP Pedro Aguilar
Batting: LHB Roberto Soto 0-0: Ball
1-0: Foul Ball, location: 2F
1-1: Foul Ball, location: 2F
1-2: Ball
2-2: Ball
3-2: Ground out 6-3 (Groundball, 6M)
Batting: RHB Fernando Granados 0-0: Fly out, F7 (Flyball, 78M)
Batting: SHB Pablo Coloa 0-0: Called Strike
0-1: Fly out, F8 (Flyball, 8RS)
Bottom of the 6th over - 0 run(s), 0 hit(s), 0 error(s), 0 left on base; Kennesaw 0 - Idaho Falls 0
TOP OF THE 7TH
Kennesaw Jets batting - Pitching for Idaho Falls Chukars : RHP Hartmann Riedman
Batting: LHB Ignacio Martínez 0-0: Ball
1-0: Called Strike
1-1: Ball
2-1: Called Strike
2-2: Strikes out swinging
Pinch Hitting: LHB Jim Unknown 0-0: Ball
1-0: Called Strike
1-1: Swinging Strike
1-2: Fly out, F7 (Flyball, 78M)
Pinch Hitting: LHB Jim Unknown 0-0: Called Strike
0-1: Foul Ball, location: 2F
0-2: Ball
1-2: Strikes out swinging
Top of the 7th over - 0 run(s), 0 hit(s), 0 error(s), 0 left on base; Kennesaw 0 - Idaho Falls 0
BOTTOM OF THE 7TH
Idaho Falls Chukars batting - Pitching for Kennesaw Jets : RHP Pedro Aguilar
Now at 2B: Ben Simpson
Now in LF: Jim Unknown
Batting: RHB Adrian Rodgers 0-0: Ball
1-0: DOUBLE (Groundball, 5L)
Pinch Hitting: RHB Rubén Hernández 0-0: Intentional Walk
Pitching: RHP Dan Miller
Batting: RHB Scott Ramsey 0-0: Bunted foul
0-1: Ball
1-1: Sac Bunt - play at first, batter OUT! 2-4
Adrian Rodgers to third
Rubén Hernández to second
Pinch Hitting: RHB Jim Unknown 0-0: Intentional Walk
Pinch Hitting: LHB Armando Peña 0-0: Called Strike
0-1: Foul Ball, location: 2F
0-2: Foul Ball, location: 2F
0-2: Foul Ball, location: 2F
0-2: Ball
1-2: SINGLE (Groundball, 34D)
Adrian Rodgers scores
Rubén Hernández to third
Jim Unknown to second
Pinch Hitting: LHB Orlando Casillas 0-0: Swinging Strike
0-1: Ball
1-1: Ball
2-1: Called Strike
2-2: Strikes out swinging
Batting: LHB Roberto Soto 0-0: Ball
1-0: Called Strike
1-1: Called Strike
1-2: Ball
2-2: Fly out, F9 (Line Drive, 9S)
Bottom of the 7th over - 1 run(s), 2 hit(s), 0 error(s), 3 left on base; Kennesaw 0 - Idaho Falls 1
TOP OF THE 8TH
Kennesaw Jets batting - Pitching for Idaho Falls Chukars : RHP Hartmann Riedman
Now at 2B: Orlando Casillas
Now at 3B: Jim Unknown
Now at SS: Armando Peña
Now in RF: Frank Sharp
Batting: RHB Alfredo Ayala 0-0: Called Strike
0-1: Swinging Strike
0-2: Foul Ball, location: 2F
0-2: Strikes out swinging
Batting: RHB Shannon Corzo 0-0: Ground out 1-3 (Groundball, 13S)
Batting: LHB Daniel Faraday 0-0: Swinging Strike
0-1: Swinging Strike
0-2: Strikes out swinging
Top of the 8th over - 0 run(s), 0 hit(s), 0 error(s), 0 left on base; Kennesaw 0 - Idaho Falls 1
BOTTOM OF THE 8TH
Idaho Falls Chukars batting - Pitching for Kennesaw Jets : RHP Dan Miller
Batting: RHB Fernando Granados 0-0: Fly out, F3 (Popup, 3SF)
Batting: SHB Pablo Coloa 0-0: Called Strike
0-1: Foul Ball, location: 2F
0-2: Ball
1-2: Strikes out swinging
Batting: RHB Adrian Rodgers 0-0: Foul Ball, location: 2F
0-1: Ball
1-1: Ball
2-1: Ball
3-1: Called Strike
3-2: Base on Balls
Batting: LHB Frank Sharp 0-0: Called Strike
0-1: Swinging Strike
0-2: Strikes out swinging
Bottom of the 8th over - 0 run(s), 0 hit(s), 0 error(s), 1 left on base; Kennesaw 0 - Idaho Falls 1
TOP OF THE 9TH
Kennesaw Jets batting - Pitching for Idaho Falls Chukars : RHP Hartmann Riedman
Pitching: LHP An Jang-Yop
Pinch Hitting: RHB Jim Unknown 0-0: Fly out, F8 (Flyball, 8LD)
Batting: RHB Marc Beck 0-0: Called Strike
0-1: Fly out, F9 (Flyball, 89S)
Batting: RHB Chase Mooney 0-0: Ball
1-0: Foul Ball, location: 2F
1-1: Ball
2-1: Foul Ball, location: 2F
2-2: Ball
3-2: Strikes out swinging
Top of the 9th over - 0 run(s), 0 hit(s), 0 error(s), 0 left on base; Kennesaw 0 - Idaho Falls 1
This league is powered by Out of the Park Baseball, the baseball management simulation game for PC, Mac and Linux
Monday, October 3rd, 2016 - OOTP Baseball 16.9 Build 39